 Dungeon Crawl Stone Soup version 0.16.1-4-g8e1b745 (webtiles) character file.

133 stefzke33 the Shield-Bearer (level 5, -2/33 HPs)
             Began as a Gargoyle Fighter on Mar 26, 2015.
             Killed by divine providence
             ... invoked by an orc priest
              (15 damage)
             ... on level 3 of the Dungeon.
             The game lasted 00:19:38 (2036 turns).

stefzke33 the Shield-Bearer (Gargoyle Fighter)      Turns: 2036, Time: 00:19:38

Health: -2/33      AC: 11    Str: 20    XL:     5   Next: 16%
Magic:  5/5        EV:  8    Int:  9    God:
Gold:   138        SH:  9    Dex:  9    Spells: 0 memorised, 4 levels left

rFire  . . .     SeeInvis .     a - +0 flail
rCold  . . .     Clarity  .     b - +0 scale mail
rNeg   + . .     SustAb   .     c - +0 shield
rPois  ∞         Gourm    .     (no helmet)
rElec  +         Spirit   .     (no cloak)
rCorr  .         Warding  .     (no gloves)
rMut   .         Rnd*Tele +     (no boots)
MR     .....                    (no amulet)
Stlth  ..........               w - +1 ring of evasion
                                m - ring of teleportation (curse)

@: not resistant to hostile enchantments, extremely unstealthy
A: negative energy resistance 1, electricity resistance, unbreathing,
petrification resistance, rot immunity, AC +4
a: Evoke Teleportation


You were on level 3 of the Dungeon.
You were not hungry.

You visited 1 branch of the dungeon, and saw 3 of its levels.

You collected 138 gold pieces.

Inventory:

Hand weapons
 a - a +0 flail (weapon)
Armour
 b - a +0 scale mail (worn)
 c - a +0 shield (worn)
Jewellery
 f - an uncursed ring of teleport control
 m - a cursed ring of teleportation (left hand)
 w - a +1 ring of evasion (right hand)
Scrolls
 g - a scroll of recharging
 h - a scroll of blinking {unknown}
 i - a scroll of teleportation
 j - a scroll of fear {unknown}
 l - a scroll of magic mapping {unknown}
 s - a scroll of identify {unknown}
 u - a scroll of remove curse {unknown}
Potions
 e - a potion of might
 k - a potion of brilliance {unknown}
 o - 2 potions of heal wounds {unknown}
 p - 2 potions of resistance
 r - a potion of cancellation {unknown}
 t - a potion of mutation {unknown}
 x - a potion of curing {unknown}
Comestibles
 d - 2 bread rations
 n - 2 slices of pizza
 q - 2 chunks of flesh
 v - 2 fruits


   Skills:
 + Level 4.2 Fighting
 + Level 2.8 Maces & Flails
 + Level 3.8 Armour
 + Level 1.1 Dodging
 + Level 4.2 Shields


You had 4 spell levels left.
You didn't know any spells.

Dungeon Overview and Level Annotations

Branches:
Dungeon (3/15)

Altars:
Qazlal


Innate Abilities, Weirdness & Mutations

You are resistant to torment.
You are immune to poison.
Your stone body is very resilient (AC +4).
You resist negative energy.
You are resistant to electric shocks.
You can survive without breathing.
You are immune to petrification.
You are immune to rotting.


Message History

You closely miss the orc priest.
The orc priest is heavily wounded.
The orc priest barely misses you. You block the orc's attack.
You hit the orc priest but do no damage.
The orc priest is heavily wounded.
The orc priest hits you but does no damage.
The orc hits you but does no damage.
You barely miss the orc priest.
The orc priest is heavily wounded.
The orc priest hits you but does no damage.
You block the orc's attack.
Use which ability? (? or * to list)
Okay, then.
Use which ability? (? or * to list)
You fail to use your ability.
The orc priest hits you but does no damage.
The orc hits you but does no damage.
The orc priest mumbles some strange prayers to Beogh against you.
Something smites you!
You die...

##....[.....# #.#
...########.# #.#
.......# #.# #.#
######.## #.# #.#
#####...###.## #.#
#..........<.#
#.##########.#
#..##...####.#
#.##.........#
#..###.## #.#
#.##.#########
........# #.# #@##)#
#..###..####.###.##.#
#..# #....)...ooo##.#
#..# ##.####.######.#
#..# .# #.# #.# #.>#
.. #.# ####.# ...#
##. #.# #....#
##.##### . #.#
#.######## #.....#
#.# #........#


You could see an orc priest and an orc.

Vanquished Creatures
  Robin (D:2)
  5 adders
  A worm (D:2)
  3 giant geckos
  2 oozes
  An orc (D:3)
  11 hobgoblins
  2 jackals (D:2)
  5 kobolds
  A quokka (D:3)
  A ball python (D:3)
  9 bats
  5 giant cockroaches
  3 giant newts
  8 goblins
  7 rats
65 creatures vanquished.

Notes
Turn   | Place    | Note
--------------------------------------------------------------
     0 | D:1      | stefzke33, the Gargoyle Fighter, began the quest for the Orb.
     0 | D:1      | Reached XP level 1. HP: 14/14 MP: 1/1
   291 | D:1      | Reached XP level 2. HP: 17/20 MP: 2/2
   732 | D:2      | Reached skill level 4 in Fighting
   745 | D:2      | Reached XP level 3. HP: 21/24 MP: 3/3
   898 | D:2      | Noticed Robin
   931 | D:2      | Killed Robin
   937 | D:2      | Reached XP level 4. HP: 18/29 MP: 4/4
  1326 | D:2      | Found a stormy altar of Qazlal.
  1562 | D:3      | Reached skill level 1 in Dodging
  1808 | D:3      | Reached XP level 5. HP: 33/33 MP: 5/5
  2036 | D:3      | Killed from afar by an orc priest

Action                   |  1- 3 |  4- 6 || total
-------------------------+-------+-------++-------
Melee: Flail             |   142 |   137 ||   279
  Use: Scroll            |     2 |       ||     2
  Eat: Bread ration      |       |     1 ||     1
       Chunk             |       |     1 ||     1
